 Dungeon Crawl Stone Soup version 0.22-a0-247-gbddf880 (webtiles) character file.

611 tsouns the Sneak (level 7, 0/48 HPs)
             Began as an Octopode Fighter on Feb 27, 2018.
             Was a Follower of Jiyva.
             Incinerated by varam's ghost (3 damage)
             ... with a sticky flame
             ... on level 6 of the Dungeon.
             The game lasted 00:10:36 (4076 turns).

tsouns the Sneak (Octopode Fighter)                 Turns: 4076, Time: 00:10:36

Health: 0/48       AC:  1    Str: 19    XL:     7   Next: 44%
Magic:  2/7        EV: 12    Int: 13    God:    Jiyva [*.....]
Gold:   284        SH:  0    Dex: 12    Spells: 3/6 levels left

rFire    . . .     SeeInvis .   a - +0 trident
rCold    . . .     Gourm    .   b - +1 shield
rNeg     . . .     Faith    .   (helmet restricted)
rPois    .         Spirit   .   m - amulet of regeneration
rElec    .         Reflect  .   (no ring)
rCorr    .         Harm     .   (no ring)
MR       .....                  (no ring)
Stlth    +.........             (no ring)
HPRegen  0.56/turn              (no ring)
MPRegen  0.10/turn              (no ring)
                                (no ring)
                                (no ring)

@: confused, mighty, liquid flames, hasted, glowing, very quick
A: almost no armour, stealthy swim, amphibious, 8 rings, constrict 8, camouflage
1, gelatinous body 1
a: Request Jelly, Renounce Religion


You were on level 6 of the Dungeon.
You worshipped Jiyva.
Jiyva was aware of your devotion.
You were not hungry.

You visited 2 branches of the dungeon, and saw 7 of its levels.

You collected 284 gold pieces.

Inventory:

Hand Weapons
 a - a +0 trident (weapon)
Missiles
 e - 187 stones (quivered)
 f - 68 bolts
 p - 3 tomahawks
 s - 5 curare-tipped needles
Armour
 b - a +1 shield (worn)
Jewellery
 m - an amulet of regeneration (around mantle)
Wands
 u - a wand of paralysis (8)
Scrolls
 o - 3 scrolls of remove curse
 r - 2 scrolls of teleportation
 t - a scroll of magic mapping
 v - a scroll of amnesia {unknown}
Potions
 h - a potion of degeneration
 j - a potion of invisibility {unknown}
 l - a potion of curing {unknown}
 n - 2 potions of agility {unknown}
 q - 2 potions of magic {unknown}
Comestibles
 d - 4 rations
 k - a chunk of flesh


   Skills:
 + Level 4.0 Fighting
 + Level 5.1 Polearms
 + Level 0.2 Throwing
 + Level 3.9 Dodging
 + Level 5.4 Stealth
 + Level 3.8 Shields
 + Level 0.7 Evocations


You had 3 spell levels left.
You knew the following spells:

 Your Spells              Type           Power        Failure   Level  Hunger
a - Confuse               Hex            #.......     98%         3    ####...


Dungeon Overview and Level Annotations

Branches:
Dungeon (6/15)             Temple (1/1) D:4

Altars:
Ashenzari
Cheibriados
Elyvilon
Kikubaaqudgha
Makhleb
Okawaru
Qazlal
Sif Muna
Trog
Uskayaw
Xom
Yredelemnul
Zin
The Shining One
Jiyva

Annotations:
D:6 varam's ghost, novice HuWn


Innate Abilities, Weirdness & Mutations

You cannot wear most types of armour.
You are very stealthy in the water. (Stealth+)
You are amphibious.
You can wear up to eight rings at the same time.
You can use your tentacles to constrict eight enemies at once.
Your skin changes colour to match your surroundings (Stealth+).
Your rubbery body absorbs attacks. (AC +1, EV +1)


Message History

The flame tongue hits the jelly.
The jelly dies!
You are covered in liquid flames!
* * * LOW HITPOINT WARNING * * *
You are covered in liquid flames!
* * * LOW HITPOINT WARNING * * *
Okay, then.
Evoke which item? (* to show all) (? for menu, Esc to quit)
Aiming: Paralyse
Press: ? - help, Shift-Dir - straight line, f/p - varam's ghost
Aim: varam's ghost (moderately damaged, chance to defeat MR: 21%) Varam's ghost resists with almost no effort.
You are covered in liquid flames!
* * * LOW HITPOINT WARNING * * *
Varam's ghost hits the jelly!
Varam's ghost is burned by acid!
The jelly misses varam's ghost.
You are confused.
You feel invigorated.
You are covered in liquid flames!
You die...

.......# #.........###### #.#
.###...# #............... # #.#
.# #...# #............... #.###.#
## #...# #............... #.....#
...#...# #....<.......... #.<#
...#...###................####W##
...+...'.'.....W..........>...r..
...#...#.#......J.........###.###
...#...#.###....@.#'##### #..
...#...#.# ######.# # ###.
...#####.# #.......# .# .. #.#
#.......# # . #.# ##......# ..+
......# #.# ......# #.# ......#
#.# %.....#


You could see varam's ghost and a neutral jelly (fellow slime).

Vanquished Creatures
  An orc warrior (D:5)
  An ogre (D:4)
  A bullfrog (D:6)
  A scorpion (D:5)
  A hound (D:5)
  2 orc wizards
  Crazy Yiuf (D:2)
  A bullfrog skeleton (D:6)
  A worker ant (D:5)
  4 adders
  2 gnolls (D:5)
  An adder zombie (D:5)
  2 oozes
  3 worms
  3 dart slugs
  2 leopard geckos
  4 orcs
  7 bats
  5 giant cockroaches
  7 goblins
  10 hobgoblins
  2 jackals (D:5)
  3 quokkas
  3 ball pythons
  3 frilled lizards
  7 kobolds
  2 leopard gecko skeletons
  A quokka skeleton (D:4)
  2 rats
83 creatures vanquished.

Vanquished Creatures (others)
  A wizard (D:3)
  A hound (D:4)
  4 jellies
  A worker ant (D:4)
  2 gnolls (D:5)
  A worm (D:4)
  A giant cockroach (D:4)
  A quokka (D:4)
12 creatures vanquished.

Grand Total: 95 creatures vanquished

Notes
Turn   | Place    | Note
-------+----------+-------------------------------------------
     0 | D:1      | tsouns the Octopode Fighter began the quest for the Orb.
     0 | D:1      | Reached XP level 1. HP: 16/16 MP: 1/1
   238 | D:1      | Reached XP level 2. HP: 19/21 MP: 2/2
   585 | D:1      | Reached XP level 3. HP: 19/26 MP: 3/3
  1050 | D:2      | Reached skill level 1 in Stealth
  1088 | D:2      | Reached XP level 4. HP: 30/31 MP: 4/4
  1448 | D:2      | Found a shattered altar of Ashenzari.
  1550 | D:2      | Found a runed door.
  1555 | D:2      | Noticed Crazy Yiuf
  1559 | D:2      | Killed Crazy Yiuf
  1769 | D:3      | Found a glowing golden altar of the Shining One.
  1892 | D:3      | Learned a level 3 spell: Confuse
  2035 | D:3      | Reached XP level 5. HP: 36/36 MP: 5/5
  2248 | D:3      | Found a bloodstained altar of Trog.
  2249 | D:3      | Noticed a wizard
  2255 | D:3      | Killed a wizard
  2786 | D:4      | Found a staircase to the Ecumenical Temple.
  2786 | D:4      | Noticed an ogre
  2796 | D:4      | Killed an ogre
  2796 | D:4      | Reached XP level 6. HP: 33/43 MP: 6/6
  2818 | Temple   | Entered the Ecumenical Temple
  2932 | Temple   | Became a worshipper of Jiyva Jemnauto the Shapeless
  2981 | D:4      | Got a slimy dagger
  2982 | D:4      | Identified the +0 dagger "Murmur" {flame, +Rage Dex+5} (You found it on level 4 of the Dungeon)
  3109 | D:4      | Found a deep blue altar of Sif Muna.
  3149 | D:4      | Reached * piety under Jiyva
  3223 | D:4      | Found a stormy altar of Qazlal.
  3361 | D:5      | Entered Level 5 of the Dungeon
  3362 | D:5      | Found an iron altar of Okawaru.
  3372 | D:5      | Found a burning altar of Makhleb.
  3372 | D:5      | Noticed a green death
  3375 | D:5      | Noticed a smoke demon
  3375 | D:5      | Noticed an orange demon
  3636 | D:5      | Found a shimmering altar of Xom.
  3721 | D:6      | Noticed varam's ghost (novice HuWn)
  3723 | D:6      | Noticed an orc warrior
  3831 | D:5      | Killed an orc warrior
  3831 | D:5      | Reached XP level 7. HP: 36/47 MP: 7/7
  3899 | D:6      | Reached skill level 5 in Stealth
  3980 | D:6      | Reached skill level 5 in Polearms
  4076 | D:6      | Incinerated by varam's ghost

Vault maps used:
D:1:      minmay_arrival_checkered_box, st_stairs_9, hangedman_decor_riveting,
          minmay_tetromino_i2
D:2:      lemuel_crystal_altar, uniq_crazy_yiuf_cottage
D:3:      tso_metal_star, trog_wizard
D:4:      led_sif_book, grunt_qazlal_sundering, temple_statues, first_ration
D:5:      nicolae_overflow_crystal_walls, overflow_temple_1_default,
          makhleb_altar_promises_db
D:6:      serial_shops, nicolae_shop_statue_plus
Temple:   pf_slime_end_temple

Skill      XL: |  1  2  3  4  5  6  7 |
---------------+----------------------+-----
Stealth        | 1 2 3 4 5 |  5.4
Polearms       | 3 4 5 |  5.1
Fighting       | 4 |  4.0
Throwing       | |  0.2
Dodging        | |  3.9
Shields        | |  3.8
Evocations     | |  0.7

Action                   |  1- 3 |  4- 6 |  7- 9 || total
-------------------------+-------+-------+-------++-------
Melee: Trident           |    72 |   118 |    30 ||   220
       Constrict         |    13 |    20 |     7 ||    40
       Tentacles         |     4 |    18 |     5 ||    27
Throw: Tomahawk          |       |     3 |       ||     3
       Stone             |       |     1 |       ||     1
Invok: Request Jelly     |       |       |     4 ||     4
Evoke: Wand              |       |     6 |     1 ||     7
  Use: Scroll            |     3 |     9 |       ||    12
       Potion            |       |     1 |     3 ||     4
 Stab: Sleeping          |     4 |    13 |       ||    17
       Paralysed         |       |     9 |       ||     9
  Eat: Chunk             |     1 |     4 |       ||     5
       Ration            |       |     2 |       ||     2
Armor: Skin              |    11 |     2 |     2 ||    15
Dodge: Dodged            |    25 |    32 |     7 ||    64
Block: Shield            |    22 |    18 |    12 ||    52

Table legend:
 A = Spawn XP
 B = Non-spawn XP
 C = Spawn XP percentage of total XP
 D = Spawn monster count
 E = Non-spawn monster count
 F = Spawn count percentage of total count
 G = Total turns spent on level
                    A         B        C        D         E        F      G
               +---------+---------+-------+---------+---------+-------+---------
         Total |       0 |     874 |   0.0 |       0 |      83 |   0.0 |  4076
               +---------+---------+-------+---------+---------+-------+---------
           D:1 |       0 |      36 |   0.0 |       0 |      20 |   0.0 |   884
           D:2 |       0 |      95 |   0.0 |       0 |      18 |   0.0 |   858
           D:3 |       0 |      72 |   0.0 |       0 |      23 |   0.0 |   975
           D:4 |       0 |     130 |   0.0 |       0 |       5 |   0.0 |   517
           D:5 |       0 |     365 |   0.0 |       0 |      11 |   0.0 |   564
           D:6 |       0 |     176 |   0.0 |       0 |       6 |   0.0 |   151
               +---------+---------+-------+---------+---------+-------+---------
